 Dungeon Crawl Stone Soup version 0.29.1-15-g9cfb28693d (webtiles) character file.

Game seed: 2412443267049832279

2094480 nightchill the Conqueror (level 27, 273/273 HPs)
             Began as a Hill Orc Fighter on Apr 12, 2023.
             Was a High Priest of Zin.
             Escaped with the Orb
             ... and 4 runes on Apr 15, 2023!
             The game lasted 04:54:12 (83815 turns).

nightchill the Conqueror (Hill Orc Fighter)        Turns: 83815, Time: 04:54:13

Health: 273/273    AC: 43    Str: 31    XL:     27
Magic:  41/41      EV:  6    Int: 21    God:    Zin [*****.]
Gold:   4139       SH: 29    Dex: 10    Spells: 24/54 levels left

rFire   + . .      SeeInvis .   a - +9 broad axe (vorpal)
rCold   + . .      Faith    .   X - +8 tower shield
rNeg    . . .      Spirit   .   D - +8 orange crystal plate armour {Archmagi, Int+3 Clar}
rPois   +          Reflect  .   Z - +2 hat {Will+}
rElec   +          Harm     .   N - scarf {rC+ rF+}
rCorr   .          Rampage  .   y - +3 pair of gauntlets of War {Slay+5}
Will    +++..      Archmagi +   m - +1 pair of boots of Wariness {Int+2}
Stlth   .......... Clarity  +   Q - amulet of regeneration
HPRegen 1.35/turn               o - ring of protection from fire
MPRegen 0.27/turn               P - ring "Taxas" {rElec rPois rF- AC+4 Int+6}

@: no status effects
A: no potion heal 1, inability to read after injury 1
0: Orb of Zot
}: 4/15 runes: decaying, silver, abyssal, gossamer
a: Renounce Religion, Recite, Vitalisation, Imprison, Sanctuary, Donate Gold


You escaped.
You worshipped Zin.
Zin was extremely pleased with you.
You visited 11 branches of the dungeon, and saw 51 of its levels.
You visited the Abyss 3 times.
You visited 1 bazaar.
You also visited: Ossuary and Ice Cave.

You collected 11785 gold pieces.
You spent 7039 gold pieces at shops.
You donated 607 gold pieces to Zin.

Inventory:

Hand Weapons
 a - a +9 vorpal broad axe (weapon)
 b - the +9 war axe "Grim" {antimagic, rElec rN++ Str+4 Int-3}
   (You found it on level 2 of the Elven Halls)

   It reduces the magical energy of the wielder, and disrupts the spells and
   magical abilities of those it strikes.
   Natural abilities and divine invocations are not affected.
   Str:       It affects your strength (+4).
   Int:       It affects your intelligence (-3).
   rElec:     It insulates you from electricity.
   rN:        It greatly protects you from negative energy.
 T - a +1 broad axe of freezing
Missiles
 j - a throwing net (quivered)
 z - 4 curare-tipped darts
Armour
 m - the +1 pair of boots of Wariness (worn) {Int+2}
   (You acquired it on level 1 of the Crypt)

   Int:       It affects your intelligence (+2).
 y - the +3 pair of gauntlets of War (worn) {Slay+5}
   (You bought it in a shop on level 2 of the Vaults)

   Slay:      It affects your accuracy & damage with ranged weapons and melee
   (+5).
 D - the +8 orange crystal plate armour (worn) {Archmagi, Int+3 Clar}
   (You acquired it on level 7 of the Dungeon)

   Int:       It affects your intelligence (+3).
   Clar:      It protects you against confusion.
 N - a scarf of resistance (worn)
 X - a +8 tower shield (worn)
 Z - a +2 hat of willpower (worn)
Jewellery
 c - the ring "Estru" {Dex+6 SInv}
   (You found it on level 3 of the Vaults)

   [ring of dexterity]

   Dex:       It affects your dexterity (+6).
   SInv:      It lets you see invisible.
 d - the ring "Fayppiem" {Fly Int+7}
   (You took it off a yaktaur captain on level 5 of the Vaults)

   [ring of flight]

   Int:       It affects your intelligence (+7).
   Fly:       It grants you flight.
 f - a ring of ice
 h - the amulet of the Slimy God {Spirit rC+ rCorr Slay+2}
   (You acquired it on level 7 of the Dungeon)

   [amulet of guardian spirit]

   It causes incoming damage to be divided between your reserves of health and
   magic.
   Slay:      It affects your accuracy & damage with ranged weapons and melee
   (+2).
   rC:        It protects you from cold.
   rCorr:     It protects you from acid and corrosion.
 k - a ring of wizardry
 o - a ring of protection from fire (left hand)
 t - a ring of positive energy
 w - a ring of willpower
 E - a ring of poison resistance
 O - a ring of wizardry
 P - the ring "Taxas" (right hand) {rElec rPois rF- AC+4 Int+6}
   (You found it on level 3 of the Elven Halls)

   [ring of protection]

   AC:        It affects your AC (+4).
   Int:       It affects your intelligence (+6).
   rF:        It makes you vulnerable to fire.
   rElec:     It insulates you from electricity.
   rPois:     It protects you from poison.
 Q - an amulet of regeneration (around neck)
Wands
 K - a wand of roots (73)
 V - a wand of mindburst (55)
 Y - a wand of digging (11)
Scrolls
 e - 8 scrolls of vulnerability
 l - 2 scrolls of summoning
 p - 12 scrolls of fog
 u - 14 scrolls of fear
 x - 2 scrolls of enchant weapon
 C - 2 scrolls of magic mapping
 G - 9 scrolls of silence
 J - 11 scrolls of teleportation
 U - 16 scrolls of poison
Potions
 g - 4 potions of resistance
 i - 12 potions of flight
 n - 14 potions of attraction
 q - 9 potions of brilliance
 r - 5 potions of ambrosia
 v - 11 potions of mutation
 A - 20 potions of curing
 B - 6 potions of haste
 H - 9 potions of heal wounds
 I - 2 potions of might
 L - 9 potions of berserk rage
 M - 6 potions of invisibility
 S - 5 potions of cancellation
Miscellaneous
 s - a phial of floods
 F - a phantom mirror
 W - a tin of tremorstones (2/2)


   Skills:
 O Level 27 Fighting
 - Level 18.0 Axes
 - Level 13.3 Armour
 - Level 21.8 Shields
 + Level 14.2 Spellcasting
 * Level 22.8 Summonings
 - Level 15.0 Translocations
 - Level 20.0 Invocations


You had 24 spell levels left.
You knew the following spells:

 Your Spells              Type           Power      Damage    Failure   Level
a - Summon Cactus Giant   Summ           52%        N/A       1%          6
b - Summon Mana Viper     Hex/Summ       76%        N/A       30%         5
c - Blink                 Tloc           100%       N/A       1%          2
d - Monstrous Menagerie   Summ           52%        N/A       9%          7
e - Summon Forest         Summ/Tloc      48%        N/A       1%          5
f - Apportation           Tloc           100%       N/A       1%          1
g - Passage of Golubria   Tloc           86%        N/A       2%          4

Your spell library contained the following spells:

 Spells                   Type           Power      Damage    Failure   Level
 Summon Small Mammal      Summ           100%       N/A       0%          1
 Call Canine Familiar     Summ           100%       N/A       1%          3
 Gell's Gravitas          Tloc           86%        N/A       1%          3
 Lesser Beckoning         Tloc           86%        N/A       1%          3
 Teleport Other           Tloc           86%        N/A       1%          3
 Summon Guardian Golem    Hex/Summ       76%        N/A       3%          3
 Manifold Assault         Tloc           86%        N/A       8%          5
 Summon Hydra             Summ           52%        N/A       9%          7
 Animate Armour           Summ/Erth      100%       N/A       11%         4
 Summon Ice Beast         Ice/Summ       76%        N/A       11%         4
 Dispersal                Tloc           43%        N/A       38%         6
 Iskenderun's Mystic Bla  Conj/Tloc      62%        2d13      50%         4
 Foxfire                  Conj/Fire      88%        2x1d8     77%         1
 Freeze                   Ice            88%        1d10      77%         1
 Necrotise                Necr           88%        1d8       77%         1
 Sandblast                Erth           44%        2d11      77%         1
 Shock                    Conj/Air       88%        1d8       77%         1
 Sting                    Tmut/Pois      88%        1d7       77%         1
 Ensorcelled Hibernation  Hex/Ice        44%        N/A       88%         2
 Passwall                 Tmut/Erth      18%        N/A       88%         2
 Poisonous Vapours        Pois/Air       44%        N/A       88%         2
 Scorch                   Fire           44%        2d7       88%         2
 Wereblood                Tmut           22%        N/A       88%         2
 Conjure Flame            Conj/Fire      22%        6-21      98%         3
 Dazzling Flash           Conj/Hex       44%        N/A       98%         3
 Frozen Ramparts          Ice            44%        1d7       98%         3
 Ignite Poison            Fire/Tmut/Pois 22%        N/A       98%         3
 Inner Flame              Hex/Fire       22%        N/A       98%         3
 Ozocubu's Armour         Ice            22%        N/A       98%         3
 Spider Form              Tmut/Pois      22%        N/A       98%         3
 Stone Arrow              Conj/Erth      44%        3d9       98%         3
 Anguish                  Hex/Necr       11%        N/A       100%        4
 Cause Fear               Hex            11%        N/A       100%        4
 Corpse Rot               Necr/Pois/Air  22%        N/A       100%        4
 Flame Wave               Conj/Fire      22%        2d8       100%        4
 Hailstorm                Conj/Ice       22%        3d7       100%        4
 Ice Form                 Ice/Tmut       22%        N/A       100%        4
 Olgreb's Toxic Radiance  Pois           22%        N/A       100%        4
 Petrify                  Tmut/Erth      22%        N/A       100%        4
 Agony                    Necr           22%        N/A       100%        5
 Alistair's Intoxication  Tmut/Pois      14%        N/A       100%        5
 Borgnjor's Vile Clutch   Necr/Erth      11%        N/A       100%        5
 Freezing Cloud           Conj/Ice/Air   11%        6-21      100%        5
 Iskenderun's Battlesphe  Conj           22%        2d8       100%        5
 Metabolic Englaciation   Hex/Ice        11%        N/A       100%        5
 Silence                  Hex/Air        11%        N/A       100%        5
 Eringya's Noxious Bog    Tmut/Pois      11%        N/A       100%        6
 Iron Shot                Conj/Erth      11%        9d3       100%        6
 Simulacrum               Ice/Necr       11%        N/A       100%        6
 Starburst                Conj/Fire      11%        6d5       100%        6
 Statue Form              Tmut/Erth      14%        N/A       100%        6
 Ozocubu's Refrigeration  Ice            11%        4d9       100%        7
 Spellforged Servitor     Conj/Summ      38%        N/A       100%        7
 Discord                  Hex            11%        N/A       100%        8
 Lehudib's Crystal Spear  Conj/Erth      11%        10d4      100%        8
 Polar Vortex             Ice            11%        N/A       100%        9


Dungeon Overview and Level Annotations

Branches:
Dungeon (15/15)            Temple (1/1) D:4            Lair (5/5) D:9
  Swamp (4/4) Lair:3       Spider (4/4) Lair:2        Slime (0/5) Lair:4
    Orc (2/2) D:12            Elf (3/3) Orc:2        Vaults (5/5) D:14
  Crypt (3/3) Vaults:2       Tomb (0/3) Crypt:3      Depths (4/4) D:15
    Zot (5/5) Depths:4    Ossuary (visited)           IceCv (visited)

Altars:
Ashenzari
Cheibriados
Elyvilon
Fedhas
Hepliaklqana
Kikubaaqudgha
Makhleb
Nemelex Xobeh
Okawaru
Ru
Sif Muna
Uskayaw
Xom
Yredelemnul
Zin
Jiyva

Shops:
D:2 (   D:7 *   D:9 ?((*   D:10 [   D:14 [*=   Orc:2 ![?*   Elf:2 :*=   Elf:3 (
Vaults:2 [*!(?   Vaults:5 (

Portals:
Hell: Depths:1 Depths:2 Depths:3 Depths:4
Abyss: Depths:3
Pandemonium: Depths:2
Ziggurat: Depths:1

Annotations:
D:4 1 exclusion
Lair:2 1 runed translucent door, p0werm0de's ghost, journeyman MiFi
Lair:4 exclusion: downstairs
Swamp:1 exclusion: downstairs
Swamp:2 exclusion: downstairs
Swamp:3 !tough, need relec and rcorr
Swamp:4 1 exclusion
Elf:1 6 runed translucent doors
Elf:2 exclusion: 3 doors
Vaults:2 3 runed translucent doors, corvin's ghost, veteran TrBe
Vaults:5 !careful
Depths:2 exclusion: downstairs
Zot:5 exclusion: upstairs


Innate Abilities, Weirdness & Mutations

Potions are less effective at restoring your health.
You occasionally lose the ability to read scrolls when taking damage.


Message History

There is a stone staircase leading down here.
There is a stone staircase leading up here.
You climb upwards.
There is a stone staircase leading down here.
A rust devil comes into view.
The rust devil screeches!
An Ice Fiend comes into view.
There is a stone staircase leading up here.
You climb upwards.
There is a stone staircase leading down here.
There is a stone staircase leading up here.
You climb upwards.
There is a stone staircase leading down here.
Okay, then.
Aiming: Dig
Press: ? - help, Shift-Dir - straight line A rock wall.
This square is covered in magical glow.
The rock shatters into small pieces.
A toenail golem comes into view.
You enter the shallow water.
Moving in this stuff is going to be slow.
Your unstable footing causes you to fumble your attack.
Your unstable footing causes you to fumble your attack.
You block the toenail golem's attack.
You slice the toenail golem!!
The toenail golem is heavily damaged.
You block the toenail golem's attack.
You open the toenail golem like a pillowcase!!!
You destroy the toenail golem!
No target in view!
Why would you want to do that?
You enter the shallow water.
Moving in this stuff is going to be slow.
There is a staircase leading out of the dungeon here.
Casting: Passage of Golubria (mildly dangerous; 2% risk of failure)
Confirm with . or Enter, or press ? or * to list all spells.
Okay, then.
Unknown command.
You have escaped!

#####.#################..########
# ###.# ##########...## # #...#
#..........#..#####
###.####################.......#
.......#≈≈≈≈≈≈≈≈≈≈##...........#
###.####≈≈≈≈~~≈~....≈~~..##....##
.......#≈≈≈~~.....~≈~~~...#..#...
##..####≈~≈~(..~~~≈≈≈.~~~....#.##
##.## #~≈....~~@~≈≈≈..~....##.#.
#..#####≈~...~~~≈~~≈~~~......#...
.......#≈~....~≈≈.~~≈..~.~..#....
....####≈~≈≈...~~~.~.~~.~..##....
....####≈≈≈~~....~.~~~~~...###..#
....##.#≈≈≈~~~~~...≈~~......#....
....##.#≈≈≈≈≈≈~≈~~......###....##
.......############.#############
....##.......##.......# #.#


There were no monsters in sight!

Vanquished Creatures
  3 ancient liches
  6 orbs of fire
  A juggernaut (Depths:3)
  Vv (Depths:3)
  Boris (twice) (Crypt:1 Crypt:3)
  4 Killer Klowns
  Saint Roka (Orc:2)
  2 curse toes
  Nikola (Swamp:2)
  6 golden dragons
  A bone dragon (Swamp:4)
  Jory (Vaults:5)
  2 electric golems
  Zenata (Vaults:3)
  13 tentacled monstrosities
  Rupert (D:15)
  Mlioglotl (Swamp:2)
  A deep elf blademaster (Elf:2)
  4 liches
  A walking frostbound tome (Depths:2)
  A walking earthen tome (Depths:2)
  25 Orb Guardians
  6 titans
  2 quicksilver dragons
  2 death cobs
  A walking divine tome (Depths:4)
  A kraken (Abyss:3)
  2 deep elf master archers (Elf:2)
  3 ancient champions
  Gastronok (Lair:1)
  10 shadow dragons
  Roxanne (Swamp:3)
  Kirke (Swamp:3)
  A tentacled starspawn (Abyss:3)
  7 tengu reavers
  5 sphinxes
  A thorn hunter (Swamp:1)
  10 storm dragons
  Donald (Crypt:2)
  11 fire giants
  4 revenants
  4 deep elf sorcerers
  A draconian knight (Abyss:3)
  A fenstrider witch (Swamp:1)
  2 draconian scorchers
  2 orc warlords
  8 frost giants
  A ghoul (Crypt:1)
  8 emperor scorpions
  Aizul (Vaults:4)
  The ghost of swinepaste the Fencer, a journeyman DsMo of Wu Jian (Swamp:1)
  16 vault wardens
  5 ghost moths
  20 ironbound preservers
  11 deep elf elementalists
  2 reapers (IceCv)
  5 spriggan defenders
  A juggernaut zombie (Depths:3)
  A curse skull (Crypt:3)
  2 broodmothers (Spider:3)
  A draconian annihilator (Zot:5)
  A quicksilver ooze (shapeshifter) (Vaults:4)
  7 war gargoyles
  15 stone giants
  32 very ugly things
  A black draconian (Depths:4)
  15 vampire knights
  2 green draconians (Depths:4)
  8 ironbound thunderhulks
  Nessos (D:15)
  8 eleionomae
  4 yellow draconians
  8 deep elf demonologists
  8 deep elf annihilators
  5 purple draconians
  7 entropy weavers
  2 red draconians
  4 white draconians
  8 spark wasps
  2 bunyips (Swamp:3)
  A spark wasp (shapeshifter) (Vaults:5)
  23 dire elephants
  4 eidola
  2 crystal guardians
  13 jiangshi
  An ettin (shapeshifter) (Vaults:4)
  11 deep elf death magi
  Josephine (D:15)
  15 ettins
  2 merfolk impalers (Depths:1)
  A quicksilver dragon zombie (Crypt:1)
  2 shambling mangroves
  8 deep elf high priests
  A blizzard demon (Abyss:3)
  11 fire dragons
  23 yaktaur captains
  7 great orbs of eyes
  14 hydras
  35 vault guards
  2 spriggan zombies
  8 rakshasas
  14 ice dragons
  11 boulder beetles
  2 caustic shrike simulacra (IceCv)
  7 ogre magi
  3 peacekeepers
  A servant of whispers (Vaults:1)
  A radroach (Spider:3)
  6 spriggan air magi
  3 ghost crabs
  11 centaur warriors
  A jorogumo (Spider:2)
  11 ironbound frosthearts
  6 alligators
  3 death knights
  16 dancing weapons
  9 deep troll shamans
  8 deep troll earth magi
  26 two-headed ogres
  12 death yaks
  A naga warrior (Abyss:3)
  Urug (Lair:4)
  9 tengu warriors
  A hell hog (Abyss:3)
  4 thrashing horrors (Abyss:3)
  A spectral dire elephant (Lair:5)
  2 orc high priests
  3 soul eaters
  19 vampire magi
  9 spriggan berserkers
  A storm dragon zombie (Crypt:3)
  20 hell knights
  5 iron trolls
  4 wretched stars (Abyss:3)
  Amaemon (D:8)
  2 sun demons (Depths:2)
  6 deep elf knights
  12 skeletal warriors
  A titan skeleton (Crypt:2)
  A bunyip zombie (Crypt:3)
  A spark wasp zombie (Depths:3)
  15 spriggans
  4 golden dragon zombies (Crypt:3)
  A glowing orange brain (Depths:3)
  7 goliath frogs
  A sixfirhy (Abyss:3)
  A fire crab (Abyss:3)
  A spectral anaconda (Lair:5)
  2 spectral death yaks (Lair:5)
  5 pharaoh ants
  A shadow wraith (Crypt:3)
  78 deep trolls
  5 flayed ghosts
  An anaconda zombie (Crypt:3)
  A shadow demon (Depths:2)
  2 spriggan simulacra
  6 spriggan druids
  4 spectral hydras (Swamp:4)
  8 steelbarb worms
  10 orb spiders
  11 deep elf archers
  A sun moth (Spider:2)
  A swamp dragon (shapeshifter) (Depths:3)
  16 ironbound convokers
  6 obsidian statues
  4 harpies (Vaults:3)
  4 swamp dragons
  6 bog bodies
  13 phantasmal warriors
  9 wizards
  13 lindwurms
  17 necromancers
  5 spectral wolf spiders (Spider:3)
  6 orc knights
  25 ugly things
  3 wolf spider zombies (Spider:3)
  30 deep elf zephyrmancers
  A sphinx zombie (Depths:2)
  4 orc sorcerers
  A faun (shapeshifter) (Depths:3)
  A shadow dragon zombie (Crypt:3)
  A mana viper (Abyss:3)
  18 wolf spiders
  An oklob plant (Swamp:4)
  A fire giant zombie (Crypt:3)
  17 deep elf pyromancers
  A wolf spider (shapeshifter) (Vaults:4)
  A draconian zombie (Crypt:1)
  3 manticores
  A will-o-the-wisp (Swamp:1)
  An eleionoma zombie (Crypt:2)
  2 worldbinders (Abyss:3)
  8 cyclopes
  8 moths of wrath
  A shining eye (Abyss:3)
  A toenail golem (D:1)
  26 elephants
  2 guardian serpents (Abyss:3)
  A human skeleton (Vaults:3)
  2 dire elephant zombies
  3 black mambas
  A fire giant skeleton (Crypt:1)
  A frost giant skeleton (Depths:2)
  A guardian serpent (shapeshifter) (D:14)
  A rust devil (Depths:2)
  A titan simulacrum (Crypt:1)
  An eye of devastation (Abyss:3)
  18 vault sentinels
  A naga zombie (Crypt:3)
  An apocalypse crab (Abyss:3)
  3 gargoyles
  4 orange demons
  2 centaur skeletons
  4 torpor snails
  13 cane toads
  A smoke demon (Abyss:3)
  A rime drake (shapeshifter) (Elf:1)
  Maggie (D:9)
  2 unseen horrors
  11 demonic crawlers
  A black draconian zombie (Crypt:3)
  An unseen horror (shapeshifter) (D:15)
  A cane toad (shapeshifter) (Vaults:5)
  8 freezing wraiths
  An orb spider zombie (Crypt:2)
  An efreet (D:14)
  A komodo dragon (shapeshifter) (Vaults:5)
  Psyche (D:8)
  2 dire elephant skeletons (Lair:5)
  A minotaur zombie (Crypt:1)
  57 yaktaurs
  3 swamp worm zombies (Swamp:4)
  A hellwing (Abyss:3)
  2 anaconda simulacra (IceCv)
  A purple draconian skeleton (Crypt:3)
  4 rime drakes
  10 komodo dragons
  5 tengu conjurers
  A yaktaur (shapeshifter) (D:14)
  A red devil (Depths:2)
  3 ancient zymes (Abyss:3)
  An unseen horror skeleton (Crypt:2)
  A catoblepas skeleton (Crypt:1)
  5 hydra zombies (Swamp:4)
  An ice devil (Depths:2)
  3 polar bears
  2 golden dragon simulacra (IceCv)
  3 guardian mummies (Crypt:1)
  A yaktaur skeleton (Vaults:3)
  A minotaur skeleton (Crypt:1)
  3 meliai (D:15)
  9 trolls
  3 wolf spider simulacra (Spider:3)
  A great orb of eyes zombie (Crypt:2)
  A sphinx simulacrum (Depths:2)
  25 tarantellas
  2 alligator zombies (Swamp:4)
  10 tyrant leeches
  2 ettin zombies (Crypt:1)
  2 saltlings (Vaults:1)
  16 hornets
  6 small abominations (Abyss:3)
  A black mamba zombie (Crypt:3)
  4 dream sheep (Lair:4)
  An iron dragon simulacrum (Crypt:3)
  48 slime creatures
  2 harpy skeletons
  An ice dragon zombie (Crypt:3)
  2 spectral swamp dragons (Swamp:4)
  16 jumping spiders
  An elf zombie (Vaults:3)
  8 starcursed masses (Abyss:3)
  A centaur simulacrum (Abyss:3)
  20 culicivoras
  7 flying skulls
  26 vampires (Crypt:3)
  A shadow (D:11)
  A spriggan (shapeshifter) (Depths:4)
  An air elemental (Elf:1)
  5 wyverns
  3 basilisks
  3 ynoxinuls
  2 fire elementals (Elf:1)
  17 humans (D:14)
  13 water elementals
  6 wraiths
  A wyvern (shapeshifter) (Depths:3)
  A yak (shapeshifter) (D:15)
  A black mamba skeleton (Crypt:1)
  36 yaks
  3 chaos spawn
  4 hogs (Swamp:3)
  51 redbacks
  2 minotaur simulacra (IceCv)
  32 vampire mosquitoes
  A neqoxec (Abyss:3)
  7 large abominations (Abyss:3)
  4 steam dragons
  A harpy simulacrum (IceCv)
  A naga (Abyss:3)
  14 swamp worms
  A cane toad zombie (Crypt:1)
  A merfolk zombie (Crypt:2)
  2 acid dragons (D:11)
  9 water moccasins
  3 floating eyes (D:15)
  Duvessa (D:7)
  A hell hound (Abyss:3)
  3 hydra simulacra (IceCv)
  2 swamp drakes (Swamp:1)
  A sky beast (D:7)
  3 swamp dragon zombies
  20 orc warriors
  3 black bears
  A black mamba simulacrum (Crypt:1)
  An ice beast (D:8)
  29 ogres
  12 wolves (Lair:3)
  4 ettin simulacra
  5 centaurs
  A torpor snail zombie (Crypt:2)
  11 phantoms
  A lindwurm skeleton (Crypt:3)
  2 kobold brigands
  A cyclops zombie (Crypt:1)
  2 earth elementals
  5 scorpions
  2 necrophages
  21 bullfrogs
  A deep troll simulacrum (IceCv)
  A gnoll sergeant (D:8)
  2 cane toad simulacra (Lair:5)
  3 water moccasin zombies (Ossuary)
  8 wights
  Dowan (D:7)
  2 cyclops skeletons
  A warg skeleton (Crypt:1)
  5 killer bees
  9 howler monkeys
  A yak skeleton (Crypt:2)
  An elephant simulacrum (Lair:5)
  3 hounds
  5 centaur zombies
  15 orc priests
  A human zombie (Crypt:1)
  4 iguanas
  A scorpion zombie (Ossuary)
  2 spectral swamp drakes (Swamp:4)
  20 orc wizards
  7 hell rats (Lair:5)
  2 ogre zombies (Ossuary)
  A tengu skeleton (Crypt:3)
  A boggart simulacrum (D:14)
  7 gnolls
  8 adders
  A shadow imp (Abyss:3)
  4 white imps
  An ufetubus (D:5)
  4 adder zombies (Ossuary)
  3 worms
  2 dart slugs
  83 orcs
  7 ball pythons
  A bat skeleton (Crypt:1)
  A bat zombie (Crypt:1)
  6 endoplasms
  6 giant cockroaches
  8 goblins
  11 hobgoblins
  2 jackals (D:1)
  18 kobolds
  2 quokkas
  4 frilled lizards
  4 goblin zombies
  5 hobgoblin zombies (Ossuary)
  2 orc zombies (Ossuary)
  3 rats
  A butterfly (Lair:4)
  A fungus (Elf:2)
  15 pillars of salt
  3 tentacles (Abyss:3)
2328 creatures vanquished.

Vanquished Creatures (collateral kills)
  An ancient lich (Depths:2)
  A golden dragon (Depths:3)
  A draconian scorcher (Depths:4)
  A very ugly thing (Depths:3)
  An ironbound preserver (Vaults:3)
  An entropy weaver (Depths:3)
  A deep elf demonologist (Depths:3)
  An ice dragon (Depths:4)
  A boulder beetle (Abyss:3)
  A dancing weapon (Crypt:3)
  A thrashing horror (Abyss:3)
  2 skeletal warriors (Crypt:3)
  A starcursed mass (Abyss:3)
  2 glowing orange brains (Depths:3)
  A phantasmal warrior (Crypt:3)
  A necromancer (Depths:3)
  An ugly thing (Depths:3)
  An apocalypse crab (Abyss:3)
  A tengu conjurer (Depths:3)
  A tyrant leech (Abyss:3)
  A slime creature (Depths:3)
  A spriggan (Depths:1)
  A vampire (Crypt:3)
  A small abomination (Abyss:3)
  4 pillars of salt
30 creatures vanquished.

Vanquished Creatures (others)
  2 fire giants
  A deep elf high priest (Elf:2)
  2 goliath frogs (Swamp:1)
  4 bloated husks
  A tyrant leech (Swamp:1)
  A hornet (Depths:4)
  A jumping spider (Spider:4)
  A culicivora (Spider:4)
  A human (Swamp:3)
  A small abomination (Abyss:3)
  An orc priest (Elf:1)
  An orc (Orc:2)
  6 foxfires (Swamp:1)
  71 fungi
  A lurking horror (Abyss:3)
  27 pillars of salt
  94 plants
  6 snaplasher vines
  2 starspawn tentacles (Abyss:3)
  5 tentacles (Abyss:3)
  23 withered plants (Lair:5)
252 creatures vanquished.

Grand Total: 2610 creatures vanquished

Notes
Turn   | Place    | Note
-------+----------+-------------------------------------------
     0 | D:1      | nightchill the Hill Orc Fighter began the quest for the
                  | Orb.
     0 | D:1      | Reached XP level 1. HP: 19/19 MP: 1/1
   234 | D:1      | Found a faded altar of an unknown god.
   364 | D:1      | Reached XP level 2. HP: 22/27 MP: 2/2
   451 | D:1      | Reached skill level 4 in Fighting
   513 | D:1      | Reached XP level 3. HP: 22/33 MP: 3/3
   937 | D:2      | Found Zoremn's Antique Weapon Shoppe.
   986 | D:2      | Found an iron altar of Okawaru.
  1235 | D:2      | Reached XP level 4. HP: 41/41 MP: 4/4
  1691 | D:3      | Reached skill level 5 in Axes
  1851 | D:3      | Found a white marble altar of Elyvilon.
  1909 | D:3      | Found a sparkling altar of Nemelex Xobeh.
  1919 | D:3      | Reached XP level 5. HP: 47/47 MP: 5/5
  2034 | D:3      | Found a broken altar of Ashenzari.
  2521 | D:4      | Noticed a black bear
  2521 | D:4      | Found a basalt altar of Yredelemnul.
  2551 | D:4      | Found a staircase to the Ecumenical Temple.
  2561 | Temple   | Entered the Ecumenical Temple
  2593 | Temple   | Became a worshipper of Zin the Law-Giver
  2593 | Temple   | Reached * piety under Zin
  2679 | D:4      | Reached skill level 5 in Fighting
  2679 | D:4      | Reached skill level 1 in Invocations
  2858 | D:4      | Noticed a black bear
  2874 | D:4      | Killed a black bear
  2875 | D:4      | Reached XP level 6. HP: 53/56 MP: 5/7
  2984 | D:4      | Reached ** piety under Zin
  3496 | D:4      | Killed a black bear
  3497 | D:4      | Reached XP level 7. HP: 57/62 MP: 7/9
  3522 | D:5      | Entered Level 5 of the Dungeon
  3531 | D:5      | Reached skill level 6 in Fighting
  3950 | D:5      | Identified the +3 ring mail of Midwinter {rF- Str+3}
  4182 | D:5      | Reached XP level 8. HP: 58/71 MP: 11/11
  4329 | D:5      | Reached *** piety under Zin
  4731 | D:6      | Reached skill level 7 in Fighting
  4731 | D:6      | Reached skill level 5 in Invocations
  4928 | D:6      | Reached **** piety under Zin
  4967 | D:6      | Reached skill level 10 in Axes
  5471 | D:6      | Reached XP level 9. HP: 81/81 MP: 13/13
  5580 | D:7      | Reached skill level 8 in Fighting
  5604 | D:7      | Identified 2 scrolls of acquirement
  5667 | D:7      | HP: 3/80 [orc warrior/+0 battleaxe (8)]
  5667 | D:7      | Zin protects you from harm!
  6024 | D:7      | Found a sand-covered staircase.
  6029 | Ossuary  | Entered an ossuary
  6389 | Ossuary  | Noticed a silent spectre
  6410 | Ossuary  | Reached ***** piety under Zin
  6436 | D:7      | Acquired the amulet of the Slimy God {Spirit rC+ rCorr
                  | Slay+2}
  6459 | D:7      | Noticed Duvessa
  6459 | D:7      | Noticed Dowan
  6473 | D:7      | Killed Duvessa
  6479 | D:7      | Killed Dowan
  6540 | D:7      | Acquired the +8 orange crystal plate armour {Archmagi,
                  | Int+3 Clar}
  6540 | D:7      | Found the +8 orange crystal plate armour {Archmagi, Int+3
                  | Clar}
  6585 | D:7      | Reached skill level 9 in Fighting
  6610 | D:7      | Identified the +5 morningstar of the Shining Light {freeze,
                  | rN++ Int-5 Dex+3}
  6714 | D:7      | Reached XP level 10. HP: 85/91 MP: 14/16
  7001 | D:7      | Found Ziex's General Store.
  7165 | D:8      | Noticed Amaemon
  7166 | D:8      | Noticed an orange demon
  7176 | D:8      | Killed Amaemon
  7184 | D:8      | Killed an orange demon
  7987 | D:8      | Noticed Psyche
  7989 | D:8      | Reached skill level 10 in Fighting
  7995 | D:8      | Killed Psyche
  8018 | D:8      | Identified the +6 ring mail of Words of Power {Harm Str+4
                  | Dex+2 Stlth+}
  8132 | D:9      | Found Bepsozuw's Antique Weapon Emporium.
  8244 | D:9      | Found Kuj Anwo's General Store.
  8251 | D:9      | Bought a scroll of magic mapping for 97 gold pieces
  8251 | D:9      | Bought a scroll of teleportation for 39 gold pieces
  8273 | D:9      | Found Inyir's Weapon Emporium.
  8298 | D:9      | Noticed Maggie
  8321 | D:9      | Killed Maggie
  8322 | D:9      | Reached skill level 15 in Axes
  8322 | D:9      | Reached skill level 10 in Invocations
  8332 | D:9      | Reached XP level 11. HP: 73/101 MP: 18/18
  8606 | D:9      | Found a staircase to the Lair.
  8691 | D:9      | Noticed a two-headed ogre
  8699 | D:9      | Killed a two-headed ogre
  8780 | D:9      | Found Kyupnuno's Magic Scroll Shop.
  8787 | D:9      | Bought a scroll of teleportation for 48 gold pieces
  8787 | D:9      | Bought a scroll of blinking for 120 gold pieces
  8813 | D:9      | Found a hazy altar of Hepliaklqana.
  8814 | D:9      | Found a hide-covered altar of Uskayaw.
  8843 | D:10     | Entered Level 10 of the Dungeon
  8843 | D:10     | Found Fiquex's Antique Armour Emporium.
  8901 | D:10     | Reached skill level 11 in Fighting
  9358 | D:10     | You fall into a shaft and drop 3 floors!
  9368 | D:13     | Noticed a boulder beetle
  9643 | D:11     | Reached skill level 5 in Armour
  9787 | D:11     | Reached ****** piety under Zin
  9921 | Lair:1   | Entered Level 1 of the Lair of Beasts
 10150 | Lair:1   | Noticed Gastronok
 10178 | Lair:1   | Killed Gastronok
 10189 | Lair:1   | Noticed a four-headed hydra
 10197 | Lair:1   | Killed a four-headed hydra
 10198 | Lair:1   | Reached skill level 12 in Fighting
 10198 | Lair:1   | Reached XP level 12. HP: 112/112 MP: 20/20
 10869 | Lair:2   | Found a runed translucent door.
 10891 | Lair:2   | Noticed a boulder beetle
 11002 | Lair:2   | Killed a boulder beetle
 11080 | Lair:2   | Noticed p0werm0de's ghost (journeyman MiFi)
 11108 | Lair:2   | Noticed a boulder beetle
 11141 | Lair:2   | Killed a boulder beetle
 11421 | Lair:2   | Noticed a four-headed hydra
 11428 | Lair:2   | Killed a four-headed hydra
 12134 | Lair:2   | Acquired a manual of Shields
 12201 | Lair:3   | Found a shimmering blue altar of Sif Muna.
 12369 | Lair:3   | Noticed a five-headed hydra
 12384 | Lair:3   | Reached skill level 13 in Fighting
 12389 | Lair:3   | Killed a five-headed hydra
 12390 | Lair:3   | Reached skill level 10 in Armour
 12454 | Lair:3   | Reached XP level 13. HP: 92/122 MP: 23/23
 12665 | Lair:3   | Found a staircase to the Swamp.
 13131 | Lair:4   | Found a staircase to the Slime Pits.
 13131 | Lair:4   | Found a viscous altar of Jiyva.
 13137 | Lair:4   | Noticed Urug
 13156 | Lair:4   | Killed Urug
 13930 | Lair:4   | Reached skill level 14 in Fighting
 15605 | D:12     | Reached skill level 15 in Invocations
 15680 | D:12     | Found a staircase to the Orcish Mines.
 15728 | D:12     | Reached XP level 14. HP: 124/133 MP: 25/25
 16311 | Orc:1    | Entered Level 1 of the Orcish Mines
 16488 | Orc:2    | Entered Level 2 of the Orcish Mines
 16567 | Orc:2    | Paralysed by an orc sorcerer for 3 turns
 16666 | Orc:2    | Noticed Saint Roka
 16857 | Orc:2    | Reached skill level 15 in Fighting
 16877 | Orc:2    | Killed Saint Roka
 17447 | Orc:2    | Found Cawedi's General Store.
 17447 | Orc:2    | Found Wiovo's Antique Armour Boutique.
 17447 | Orc:2    | Found Giss's Magic Scroll Boutique.
 17447 | Orc:2    | Found Huywoh's Distillery.
 17467 | Orc:2    | Found a staircase to the Elven Halls.
 17496 | Orc:2    | Bought a tower shield for 166 gold pieces
 17887 | Orc:2    | Reached skill level 5 in Shields
 17936 | Orc:2    | Noticed an orc warlord
 18391 | Orc:2    | Killed an orc warlord
 18392 | Orc:2    | Reached XP level 15. HP: 142/143 MP: 27/27
 18419 | Orc:2    | Reached skill level 16 in Fighting
 19677 | D:14     | Found a frozen archway.
 19709 | IceCv    | Entered an ice cave
 19821 | IceCv    | Reached skill level 10 in Shields
 21294 | IceCv    | Identified the +2 pair of gloves of the Yeti {rElec rF-
                  | MP+9 Dex+7}
 21357 | IceCv    | Got the Teachings on Graupel
 21492 | D:14     | Identified the +2 scale mail of Caismeax {Contam rPois rN+}
 22075 | D:14     | Found Jisinal's Antique Armour Shop.
 22282 | D:14     | Found Zisses's General Store.
 22451 | D:14     | Found Gapoux's Jewellery Emporium.
 22456 | D:14     | Bought a ring of poison resistance for 280 gold pieces
 22456 | D:14     | Bought a ring of see invisible for 210 gold pieces
 22628 | D:14     | Found a gate to the Vaults.
 23164 | Lair:5   | Entered Level 5 of the Lair of Beasts
 23173 | Lair:4   | Reached skill level 17 in Fighting
 23590 | Lair:5   | Reached XP level 16. HP: 129/155 MP: 25/28
 24341 | Lair:5   | Reached skill level 15 in Shields
 25825 | Swamp:1  | Entered Level 1 of the Swamp
 26102 | Swamp:1  | Acquired 862 gold pieces
 26724 | Swamp:1  | Reached skill level 18 in Fighting
 26798 | Swamp:1  | Noticed swinepaste's ghost (journeyman DsMo)
 26799 | Swamp:1  | Noticed a fenstrider witch
 26810 | Swamp:1  | Found a transporter.
 26847 | Swamp:1  | Noticed a thorn hunter
 26953 | Swamp:1  | Found a transporter.
 26995 | Swamp:1  | Identified the +8 plate armour of Coso {rN+}
 27332 | Swamp:2  | Noticed Nikola
 27365 | Swamp:2  | Noticed Mlioglotl
 27379 | Swamp:2  | Killed Mlioglotl
 28123 | Swamp:2  | Killed Nikola
 28562 | Swamp:3  | Noticed Kirke
 28584 | Swamp:3  | Reached XP level 17. HP: 165/165 MP: 30/30
 28589 | Swamp:3  | Noticed a sphinx
 28592 | Swamp:3  | Killed Kirke
 29313 | Swamp:3  | Identified Roxanne's Disquisition on Permutations
 29313 | Swamp:3  | Noticed Roxanne
 30043 | Lair:2   | Found a hole to the Spider Nest.
 30066 | Spider:1 | Entered Level 1 of the Spider Nest
 30913 | Swamp:3  | Killed Roxanne
 31344 | Swamp:4  | Entered Level 4 of the Swamp
 32549 | Swamp:4  | Reached skill level 19 in Fighting
 33440 | Swamp:4  | Noticed a bone dragon
 33477 | Swamp:4  | Killed a bone dragon
 33853 | Swamp:4  | Identified the +6 short sword of Igomar {freeze, Str+2}
 33994 | Swamp:4  | Reached skill level 1 in Spellcasting
 34239 | Swamp:4  | Got a decaying rune of Zot
 34893 | D:15     | Entered Level 15 of the Dungeon
 35265 | D:15     | Noticed Josephine
 35279 | D:15     | Killed Josephine
 35419 | D:15     | Noticed Rupert
 35423 | D:15     | Noticed Nessos
 35443 | D:15     | Killed Rupert
 35445 | D:15     | Reached XP level 18. HP: 161/173 MP: 25/32
 35453 | D:15     | Killed Nessos
 36018 | D:15     | Found a staircase to the Depths.
 36339 | Vaults:1 | Entered Level 1 of the Vaults
 36691 | Vaults:1 | Found a crumbling gateway.
 36810 | Vaults:1 | Found a flickering gateway to a bazaar.
 36827 | Bazaar   | Entered a bazaar
 37000 | Bazaar   | Found Loav's Book Shop.
 37000 | Bazaar   | Found Kuahoj's Jewellery Boutique.
 37017 | Bazaar   | Got the Encyclopedia of Feathery Filth
 38214 | Vaults:1 | Identified the +5 battleaxe of Recklessness {drain, +Blink
                  | rF+ rN+ Int-4}
 38633 | Vaults:1 | Reached skill level 20 in Fighting
 40752 | Vaults:2 | Found Caateusch's Assorted Antiques.
 40766 | Vaults:2 | Bought a scroll of magic mapping for 180 gold pieces
 40766 | Vaults:2 | Bought a scroll of teleportation for 72 gold pieces
 40766 | Vaults:2 | Bought 3 scrolls of blinking for 540 gold pieces
 40803 | Vaults:2 | Found a runed translucent gate.
 40804 | Vaults:2 | Found a runed translucent gate.
 40809 | Vaults:2 | Found a runed translucent gate.
 40816 | Vaults:2 | Noticed corvin's ghost (veteran TrBe)
 40833 | Vaults:2 | Reached XP level 19. HP: 153/187 MP: 26/33
 41292 | Vaults:2 | Reached skill level 5 in Spellcasting
 41945 | Vaults:2 | Found Qemor's Antique Weapon Emporium.
 42068 | Vaults:2 | Found a staircase to the Crypt.
 42084 | Vaults:2 | Found Witefodgh's Magic Scroll Boutique.
 42501 | Vaults:2 | Found Tiaberph's Distillery.
 42522 | Vaults:2 | Bought a potion of haste for 200 gold pieces
 42522 | Vaults:2 | Bought a potion of resistance for 200 gold pieces
 42623 | Vaults:2 | Found Quol Xoo's Antique Armour Boutique.
 42946 | Elf:1    | Entered Level 1 of the Elven Halls
 43340 | Elf:1    | Paralysed by an air elemental for 1 turns
 43995 | Elf:1    | Reached skill level 21 in Fighting
 44096 | Elf:1    | Found a runed translucent door.
 44614 | Elf:1    | Noticed a Brimstone Fiend
 44873 | Elf:1    | Found a runed translucent gate.
 44873 | Elf:1    | Found a runed translucent gate.
 44873 | Elf:1    | Found a runed translucent gate.
 44873 | Elf:1    | Found a runed translucent gate.
 44874 | Elf:1    | Found a runed translucent gate.
 44874 | Elf:1    | Found a runed translucent gate.
 45002 | Elf:1    | Learned a level 6 spell: Summon Cactus Giant
 45066 | Elf:2    | Found Jimonwir's Book Emporium.
 45195 | Elf:2    | Reached skill level 1 in Summonings
 45284 | Elf:2    | Found Zuwepn's General Store.
 45482 | Elf:2    | Found Higint's Jewellery Shop.
 45492 | Elf:2    | Identified the +9 war axe "Grim" {antimagic, rElec rN++
                  | Str+4 Int-3}
 45648 | Elf:2    | Found a runed translucent gate.
 45649 | Elf:2    | Found a runed translucent gate.
 45650 | Elf:2    | Found a runed translucent gate.
 46251 | Spider:1 | Identified the +3 ring mail "Wutemnur" {Contam rPois Int+3
                  | Slay+5}
 46652 | Spider:2 | Reached XP level 20. HP: 198/198 MP: 34/34
 47089 | Spider:2 | Reached skill level 5 in Summonings
 49473 | Spider:4 | Entered Level 4 of the Spider Nest
 49944 | Spider:4 | Reached skill level 22 in Fighting
 50719 | Spider:4 | Identified the +2 hat "Selaydih" {Drain Dex+3}
 50751 | Spider:4 | Reached skill level 10 in Summonings
 50751 | Spider:4 | Reached XP level 21. HP: 206/207 MP: 5/35
 50890 | Spider:4 | Got a gossamer rune of Zot
 51837 | Vaults:2 | Bought a scroll of acquirement for 1040 gold pieces
 51837 | Vaults:2 | Acquired 794 gold pieces
 51919 | Vaults:2 | Bought the +3 pair of gauntlets of War {Slay+5} for 1757
                  | gold pieces
 51919 | Vaults:2 | Found the +3 pair of gauntlets of War {Slay+5}
 52207 | Vaults:3 | Reached XP level 22. HP: 216/216 MP: 36/36
 52252 | Vaults:3 | Learned a level 5 spell: Summon Mana Viper
 52621 | Vaults:3 | Noticed Zenata
 52638 | Vaults:3 | Killed Zenata
 53743 | Vaults:3 | Found a transporter.
 53755 | Vaults:3 | Found a transporter.
 53849 | Vaults:3 | Identified the ring "Estru" {Dex+6 SInv}
 54575 | Vaults:4 | Reached skill level 23 in Fighting
 54996 | Swamp:1  | Learned a level 2 spell: Blink
 55410 | Vaults:4 | Reached skill level 1 in Translocations
 55543 | Vaults:4 | Noticed Aizul
 55553 | Vaults:4 | Killed Aizul
 56851 | Vaults:4 | Reached XP level 23. HP: 212/227 MP: 37/37
 57514 | Depths:1 | Entered Level 1 of the Depths
 57933 | Depths:1 | Paralysed by a floating eye for 3 turns
 58123 | Depths:1 | Paralysed by a floating eye for 3 turns
 58987 | Depths:1 | You fall into a shaft and drop 1 floor!
 59027 | Depths:2 | Reached skill level 5 in Translocations
 59319 | Depths:1 | Found a one-way gateway to a ziggurat.
 59613 | Depths:1 | Found a gateway to Hell.
 60200 | Depths:2 | Found a transporter.
 60229 | Depths:2 | Found a transporter.
 60256 | Depths:2 | Identified the +1 plate armour of the Curious Geomancers
                  | {Str+2 Dex+3}
 61111 | Depths:2 | Reached skill level 10 in Spellcasting
 61760 | Depths:2 | Found a one-way gate leading to the halls of Pandemonium.
 61830 | Depths:2 | Reached skill level 15 in Summonings
 61920 | Depths:2 | Noticed a golden dragon
 62083 | Depths:1 | Killed a golden dragon
 62711 | Depths:2 | Reached XP level 24. HP: 192/237 MP: 37/37
 62722 | Depths:2 | Identified the +2 cloak of Leaves {-Tele Harm rPois rF-}
 62725 | Depths:2 | Identified the +5 shortbow of Fyxein {vorpal, Str-4 Int+3
                  | Dex+3}
 62748 | Depths:2 | Identified the +1 pair of gloves of Untruth {SInv}
 62752 | Depths:2 | Identified the ring of Youthful Indiscretion {Fly Int+5}
 62972 | Depths:3 | Found a one-way gate to the infinite horrors of the Abyss.
 63079 | Depths:3 | Identified the +1 cloak of the Vacuum {*Slow rPois Str+9
                  | Int+4}
 63137 | Depths:3 | Reached skill level 24 in Fighting
 63236 | Depths:3 | Identified the ring of Laengery {Fly rN+}
 63580 | Depths:3 | Noticed Vv
 64184 | Elf:3    | Entered Level 3 of the Elven Halls
 64222 | Abyss:3  | Cast into level 3 of the Abyss (a deep elf sorcerer)
 64636 | Abyss:3  | Found a corrupted altar of Lugonu.
 64822 | Elf:3    | Escaped the Abyss
 64883 | Elf:3    | Found Ivva's Antique Weapon Shoppe.
 64888 | Elf:3    | Bought a slimy broad axe for 153 gold pieces
 64888 | Elf:3    | Identified the +0 broad axe "Kaegamy" {flame, Str+4 Int+8
                  | Dex-5} (You bought it in a shop on level 3 of the Elven
                  | Halls)
 66123 | Elf:3    | Identified the +2 cloak of the Stone Wall {Str+8}
 66251 | Elf:3    | Found the +8 frozen axe "Frostbite" {freezing cloud, *Noise
                  | Fly rC+}
 66274 | Elf:3    | Identified the +2 cloak "Tivig" {+Blink SInv}
 66286 | Elf:3    | Identified the +5 whip of the Wolf {antimagic, Dex+4}
 66312 | Elf:3    | Identified the +1 leather armour of Precision Catastrophes
                  | {rElec rF- MP+9 Int+10}
 66314 | Elf:3    | Identified the +7 hand axe "Ahubru" {protect, *Rage rCorr
                  | Int+4}
 66325 | Elf:3    | Identified the +0 scale mail "Kielesma" {rCorr Str-4 Dex+4}
 66343 | Elf:3    | Identified the +2 morningstar of Dithmenos, Witching
                  | {drain, rElec rF+ Str+3}
 66345 | Elf:3    | Got Ytsuth's Folio of Breath and Enchantment
 66347 | Elf:3    | Identified the ring "Taxas" {rElec rPois rF- AC+4 Int+6}
 66348 | Elf:3    | Identified the +6 shortbow of Cheibriados's Approval
                  | {vorpal, rF+ Int+4}
 66457 | Elf:3    | Acquired 628 gold pieces
 66587 | Elf:3    | Learned a level 7 spell: Monstrous Menagerie
 67211 | Elf:3    | Acquired the +0 cloak of Polish {rPois rF+ rN+ Dex+4}
 67474 | Crypt:1  | Entered Level 1 of the Crypt
 67761 | Crypt:1  | Reached skill level 10 in Translocations
 67847 | Crypt:1  | Found an ancient bone altar of Kikubaaqudgha.
 67939 | Crypt:1  | Acquired the +1 pair of boots of Wariness {Int+2}
 68028 | Crypt:1  | Reached XP level 25. HP: 223/246 MP: 38/38
 68083 | Crypt:1  | Noticed Boris
 68092 | Crypt:1  | Killed Boris
 68399 | Crypt:2  | Noticed Donald
 68418 | Crypt:2  | Killed Donald
 68589 | Crypt:2  | Found a basalt altar of Yredelemnul.
 68835 | Crypt:2  | Found a basalt altar of Yredelemnul.
 69019 | Crypt:3  | Entered Level 3 of the Crypt
 69228 | Crypt:3  | Found an ancient bone altar of Kikubaaqudgha.
 69382 | Crypt:3  | Found a staircase to the Tomb.
 69830 | Crypt:3  | Noticed Boris
 69857 | Crypt:3  | Killed Boris
 69951 | Crypt:3  | Reached skill level 25 in Fighting
 70200 | Crypt:3  | Acquired 628 gold pieces
 70201 | Crypt:3  | Acquired 696 gold pieces
 70203 | Crypt:3  | Acquired a Fen Folio
 70211 | Crypt:3  | Learned a level 5 spell: Summon Forest
 70454 | Crypt:3  | Identified the +5 morningstar of the Grey Skies {venom,
                  | rElec Str+4}
 71216 | Depths:3 | Paralysed by a Zot trap for 4 turns
 71288 | Depths:3 | Killed Vv
 71572 | Depths:3 | Noticed a juggernaut
 71585 | Depths:3 | Killed a juggernaut
 71615 | Depths:3 | Identified the +9 rapier of the Glowing Owl {flame, *Slow
                  | Fly rN+ Int+3}
 71941 | Depths:3 | Noticed an ancient lich
 72027 | Depths:2 | Killed an ancient lich
 72100 | Depths:3 | Reached XP level 26. HP: 227/259 MP: 36/39
 72259 | Depths:3 | Learned a level 1 spell: Apportation
 72304 | Depths:4 | Entered Level 4 of the Depths
 73202 | D:9      | Bought 3 scrolls of blinking for 360 gold pieces
 73344 | Swamp:1  | Killed swinepaste's ghost
 74005 | Depths:4 | Found a gate to the Realm of Zot.
 74929 | Orc:2    | Bought a potion of invisibility for 96 gold pieces
 74929 | Orc:2    | Bought a potion of cancellation for 96 gold pieces
 74929 | Orc:2    | Bought a potion of might for 48 gold pieces
 74929 | Orc:2    | Bought a potion of cancellation for 96 gold pieces
 74929 | Orc:2    | Bought 2 potions of ambrosia for 192 gold pieces
 74930 | Orc:2    | Bought a scroll of fear for 52 gold pieces
 74930 | Orc:2    | Bought a scroll of fear for 52 gold pieces
 74931 | Orc:2    | Bought 3 potions of invisibility for 360 gold pieces
 74931 | Orc:2    | Bought a potion of berserk rage for 75 gold pieces
 75119 | Vaults:2 | Bought a scroll of magic mapping for 150 gold pieces
 75119 | Vaults:2 | Bought a scroll of magic mapping for 150 gold pieces
 75119 | Vaults:2 | Bought a scroll of magic mapping for 150 gold pieces
 75119 | Vaults:2 | Bought a scroll of teleportation for 60 gold pieces
 75316 | Depths:3 | Voluntarily entered the Abyss.
 75320 | Abyss:3  | Found a corrupted altar of Lugonu.
 75364 | Depths:3 | Escaped the Abyss
 75374 | Depths:3 | Voluntarily entered the Abyss.
 75374 | Abyss:3  | Found a corrupted altar of Lugonu.
 75553 | Abyss:3  | Got an abyssal rune of Zot
 75736 | Depths:3 | Escaped the Abyss
 76022 | Vaults:5 | Entered Level 5 of the Vaults
 76039 | Vaults:5 | Reached skill level 26 in Fighting
 76189 | Vaults:4 | Reached XP level 27. HP: 254/269 MP: 40/40
 76369 | Vaults:5 | Identified the ring "Fayppiem" {Fly Int+7}
 77329 | Vaults:5 | Identified the +9 great mace "Sioqogg" {vorpal, Drain
                  | +Blink rPois}
 77352 | Vaults:5 | Identified the +8 chain mail of Acoig {+Blink rC+ MP+9}
 77494 | Vaults:5 | Got a silver rune of Zot
 77555 | Vaults:5 | Identified the +1 arbalest of Saltpetre {vorpal, *Corrode
                  | Str+3 Int+2}
 77591 | Vaults:5 | Found Miru's Weapon Shoppe.
 77624 | Vaults:5 | Acquired 762 gold pieces
 77660 | Vaults:5 | Noticed an ancient lich
 77672 | Vaults:5 | Killed an ancient lich
 77680 | Vaults:5 | Noticed Jory
 77711 | Vaults:5 | Killed Jory
 78580 | Vaults:5 | Learned a level 4 spell: Passage of Golubria
 78754 | Vaults:5 | Identified the +0 triple crossbow of Darkness {elec, rF++
                  | Str+5 Int-5}
 79474 | Zot:1    | Entered Level 1 of the Realm of Zot
 80153 | Zot:5    | Entered Level 5 of the Realm of Zot
 80965 | Zot:5    | Noticed an ancient lich
 80977 | Zot:5    | Noticed an ancient lich
 81160 | Zot:5    | Killed an ancient lich
 81289 | Zot:5    | Noticed an orb of fire
 81292 | Zot:5    | Noticed an orb of fire
 81478 | Zot:4    | Killed an orb of fire
 81630 | Zot:4    | Killed an orb of fire
 81861 | Zot:5    | Noticed an orb of fire
 81862 | Zot:5    | Noticed an orb of fire
 81864 | Zot:5    | Noticed an orb of fire
 81906 | Zot:4    | Killed an orb of fire
 82032 | Zot:5    | Gained mutation: You occasionally lose the ability to read
                  | scrolls when taking damage. [an orb of fire]
 82047 | Zot:4    | Killed an orb of fire
 82257 | Zot:5    | Noticed an orb of fire
 82262 | Zot:5    | Reached skill level 15 in Translocations
 82290 | Zot:5    | Killed an orb of fire
 82552 | Zot:5    | Noticed an ancient lich
 82725 | Zot:4    | Reached skill level 27 in Fighting
 82871 | Zot:4    | Killed an ancient lich
 83097 | Zot:5    | Noticed an orb of fire
 83102 | Zot:5    | Gained mutation: Potions are less effective at restoring
                  | your health. [an orb of fire]
 83127 | Zot:5    | Killed an orb of fire
 83308 | Zot:5    | Identified the +2 falchion of Duty {vorpal, Stlth+}
 83316 | Zot:5    | Got the Orb of Zot
 83401 | Zot:1    | Noticed Hefytsaw the pandemonium lord
 83401 | Zot:1    | Noticed an ancient lich
 83815 | D:$      | Escaped with the Orb!

Illustrated notes

Levels and vault maps discovered:
D:1:      dpeg_arrival_more_subterranean_lakeside_camping, layout_rooms,
          shapermc_ecumenical_altar_starsandcircs
D:2:      layout_loops_ring, serial_shops, nicolae_shop_waterfront, basic_altar,
          st_stairs_1, serial_bayou_pond_b
D:3:      layout_loops_ring, mainiacjoe_overflow_24_doors, elyvilon_altar_1,
          nemelex_xobeh_ov_fountains_minmay
D:4:      layout_rooms, mainiacjoe_overflow_brackets, temple_green, wad_orctagon
D:5:      layout_rooms, serial_aquarium, aquarium_bridge_long_joined
          [aquarium_subvault_bridge, aquarium_subvault_wall,
          aquarium_subvault_bridge, aquarium_subvault_wall,
          aquarium_subvault_wall, aquarium_subvault_wall], aquarium_window_fake,
          aquarium_window_1, aquarium_view_2b, aquarium_view_2f,
          aquarium_balcony_3b, aquarium_pool_S
D:6:      layout_loops_ring
D:7:      layout_rooms, serial_shops, shop, nicolae_ossuary_entry_plus,
          uniq_duvessa
D:8:      layout_rooms, serial_aquarium, aquarium_bridge_island_small
          [aquarium_subvault_small_open, aquarium_subvault_wall,
          aquarium_subvault_wall, aquarium_subvault_bridge,
          aquarium_subvault_bridge], aquarium_bridge_long_separate
          [aquarium_subvault_bridge, aquarium_subvault_window,
          aquarium_subvault_bridge, aquarium_subvault_bridge,
          aquarium_subvault_bridge, aquarium_subvault_bridge],
          aquarium_window_fake, aquarium_window_fake, aquarium_window_fake,
          aquarium_view_2d, aquarium_balcony_double_4, aquarium_pool_side,
          minmay_misc_feat_chi, minmay_misc_feat_enclosed, uniq_psyche,
          uniq_amaemon
D:9:      minmay_spotlight, layout_irregular_city,
          gammafunk_temple_overflow_pools, lair_entry_dummy, serial_shops,
          nicolae_diamond_shop, nicolae_shop_crystal, nicolae_square_shop, shop,
          kennysheep_generic_room_7, uniq_maggie
D:10:     layout_cave_pools, serial_shops, nicolae_shop_waterfront
D:11:     layout_stronghold, minmay_holes, wad_scary_box
D:12:     dreamdust_cave_troll, layout_gridville, hiddenorc1_lemuel,
          corner_web_ring
D:13:     layout_roguey
D:14:     layout_basic, grunt_vaults_entry_tiered,
          portal_ice_cave_entry_pillars_1, serial_shops, nicolae_shop_crystal,
          kennysheep_little_box, shop, minmay_parallelograms,
          chequers_serial_rivers_micro_c, serial_bayou_lagoon_a
D:15:     grunt_enter_depths_snipers, layout_rooms, corexii_hall_statues_t,
          dk_noncrumbling_3, uniq_rupert, uniq_nessos, uniq_josephine
Temple:   nicolae_temple_elliptical
Lair:1:   layout_gridlike, lemuel_fruit_tree, grunt_megastairs_2, uniq_gastronok
Lair:2:   layout_cave_pods, spider_nest_entry_funnel_web,
          ebering_ghost_reflecting_pool, minivault_19
Lair:3:   layout_chaotic_city, swamp_mist, basic_altar, beast_lair_carwin_3
Lair:4:   layout_long_grid, slime_entry_1, serial_forest,
          infiniplex_forest_zigzag_1, infiniplex_forest_clump_curved,
          infiniplex_forest_clump_long, infiniplex_forest_end_1,
          infiniplex_forest_end_3, infiniplex_forest_zigzag_1,
          infiniplex_forest_clump_small, infiniplex_forest_join,
          lemuel_fruit_fields, uniq_urug
Lair:5:   due_jungle_book, layout_cave_pods, infiniplex_staircase_pool_2
Swamp:1:  layout_basic_swamp, gammafunk_ghost_arena, nicolae_swamp_small_spring,
          swamp_pool1, nicolae_swamp_tree_designs, infiniplex_staircase_pool
Swamp:2:  layout_basic_swamp, evilmike_swamp_ruin_rubble_1, uniq_mlioglotl,
          uniq_nikola
Swamp:3:  layout_falls_marsh, nicolae_swamp_some_circles,
          nicolae_swamp_catching_bugs, uniq_roxanne, uniq_kirke
Swamp:4:  swamp_pestilence, layout_basic_swamp
Spider:1: layout_spider_delve, hellmonk_narrow_tunnel
Spider:2: layout_chambers
Spider:3: layout_spider_delve, nicolae_spider_undead_wolf_pack
Spider:4: grunt_spider_rune_circles, hangedman_spider_tarantella_strand
Orc:1:    layout_caves
Orc:2:    st_orc_ogre_mass, layout_caves, nicolae_orc_rockfall,
          hellmonk_guarded_unrand_dark_maul, uniq_saint_roka
Elf:1:    minmay_elf_arrival_plus, layout_geoelf_grid, orc_legates,
          minivault_13, grunt_megastairs_4
Elf:2:    nicolae_elf_blades_splatter_lattice
          [nicolae_blade_entry_diamond_columns], layout_geoelf_octagon,
          serial_shops, nicolae_shop_crystal, shop, nicolae_stop_n_shop_1,
          einodemon_crawler_minivault
Elf:3:    minmay_elf_hall_x, layout_geoelf_octagon, mu_enter_wizlab_4,
          serial_shops, nicolae_shop_hallway_stairs, drop_trap,
          nicolae_concentric_dashed_squares_mild
Vaults:1: portal_desolation_entry_salt, ontoclasm_vaults_pinch,
          vaults_room_grid, vaults_dpeg_diagonal,
          nicolae_vaults_little_squares_1, v_misc_16, grunt_vaults_diagonal,
          nicolae_vaults_alarming, v_pattern_2, nicolae_vaults_hallways_thing,
          vaults_room_grid, vaults_room_large_hall, nicolae_vaults_theta,
          vaults_room_pool, ontoclasm_vaults_twist, layout_vaults_ring,
          serial_shops, bzr_entry_dummy
Vaults:2: ebering_ghost_rock_garden, v_misc_24, grunt_vaults_swirl,
          v_alt_pattern_6, ontoclasm_vaults_fault, hangedman_vaults_restitches,
          minmay_crypt_entry_simple_sparse, nicolae_vaults_statue_guard,
          v_misc_16, nicolae_vaults_asterisk, v_misc_29,
          nicolae_vaults_ninety_degrees, vaults_room_grid,
          nicolae_vaults_angled_halls, vaults_room_fours, vaults_dpeg_ring,
          ontoclasm_vaults_hangar, vaults_room_fancy_cross,
          layout_vaults_big_cross, serial_shops, nicolae_shop_stone,
          nicolae_shop_stone, nicolae_shop_overgrown_old_shop, shop,
          nicolae_shop_waterfront
Vaults:3: grunt_vaults_focal, hangedman_vaults_stagger, gammafunk_sealed_arena,
          ontoclasm_vaults_idyll, nicolae_vaults_little_squares_6,
          nicolae_vaults_what_the_h, vaults_mumra_minichess_inversion,
          hangedman_vaults_slice, nicolae_vaults_network_periphery,
          v_alt_pattern_6, layout_vaults_big_room, uniq_zenata
Vaults:4: nicolae_vaults_inception_corners, nicolae_vaults_murderbox,
          nicolae_vaults_little_squares_3, v_misc_10,
          hangedman_vaults_river_flow, vaults_room_grid,
          nicolae_vaults_ring_of_whatevers, v_misc_4,
          nicolae_vaults_network_quinsquares
          [nicolae_vaults_network_quincunx_subvault,
          nicolae_vaults_network_quincunx_subvault,
          nicolae_vaults_network_quincunx_subvault,
          nicolae_vaults_network_quincunx_subvault],
          nicolae_vaults_circle_grid_a, v_rooms_5, ontoclasm_vaults_idyll,
          nicolae_vaults_asterisk, layout_vaults_omnibox, uniq_margery,
          uniq_aizul
Vaults:5: serial_shops, uniq_jory
Crypt:1:  layout_basic, lemuel_mausoleum_altar_kikubaaqudgha, uniq_boris
Crypt:2:  layout_misc_corridors, st_stairs_10, hangedman_feature_mirror,
          uniq_donald
Crypt:3:  due_elkab, layout_chaotic_city, weyrava_vampire_temple
Depths:1: layout_cave_pools, enter_ziggurat_e, nrook_mini_backslash, hell_entry,
          serial_glass, glass_columns_a, glass_columns_a,
          minmay_misc_feat_columns, minmay_stone_trees_small,
          hangedman_decor_slide_cut, lightli_minifort
Depths:2: gammafunk_the_bubble [the_bubble_gammafunk_crates], layout_gridlike,
          grunt_pan_entry_zigzag, grunt_hell_entry_dis_grunt,
          kennysheep_random_hallway
Depths:3: hangedman_pleasuredromes, hell_entry, abyss_entry, uniq_vv
Depths:4: grunt_twist_and_shout, layout_gridlike, serial_bayou_pond_a,
          grunt_metal_band
Zot:1:    layout_cellular_growth, hangedman_zot_decor_checkerboard, door_vault
Zot:2:    layout_onion_interference
Zot:3:    layout_concentric_octagons, skrybe_zot_glass_2
Zot:4:    layout_cathedral_of_symmetry, drop_trap, zot_minivault_1,
          lemuel_elevator
Zot:5:    layout_basic

Skill      XL: |  1  2  3  4  5  6  7  8  9 10 11 12 13 14 15 16 17 18 19 20 21 22 23 24 25 26 27 |
---------------+----------------------------------------------------------------------------------+-----
Axes           | 3 4 5 6 7 8 11 13 15 16 17 18 | 18.0
Fighting       | 4 5 6 7 9 10 12 13 14 15 17 18 19 20 21 22 23 24 25 26 27 | 27.0
Invocations    | 2 3 4 6 8 10 11 13 15 16 17 19 20 | 20.0
Armour         | 7 10 11 13 | 13.3
Shields        | 6 14 16 18 20 21 | 21.8
Spellcasting   | 1 4 6 8 9 10 11 12 13 14 | 14.2
Summonings     | 4 10 13 15 17 19 20 22 | 22.8
Translocations | 3 7 10 11 12 15 | 15.0

Action                   |  1- 3 |  4- 6 |  7- 9 | 10-12 | 13-15 | 16-18 | 19-21 | 22-24 | 25-27 || total
-------------------------+-------+-------+-------+-------+-------+-------+-------+-------+-------++-------
Melee: War axe           |   127 |   126 |   372 |   581 |  1203 |  1796 |     8 |    28 |   158 ||  4399
       Morningstar       |       |       |       |    12 |    28 |    42 |       |       |       ||    82
       Broad axe         |       |       |       |       |    25 |    52 |  1037 |  1550 |  1827 ||  4491
Throw: Throwing net      |       |       |       |     1 |       |       |       |       |       ||     1
 Cast: Summon Cactus Gia |       |       |       |       |       |       |       |     4 |       ||     4
       Summon Forest     |       |       |       |       |       |       |       |       |    18 ||    18
       Passage of Golubr |       |       |       |       |       |       |       |       |     1 ||     1
Invok: Recite            |       |       |    16 |    13 |    38 |    27 |    19 |    72 |    58 ||   243
       Vitalisation      |       |       |       |     4 |     6 |    13 |     1 |     4 |    11 ||    39
       Imprison          |       |       |       |     2 |     4 |     5 |     1 |     5 |     7 ||    24
       Sanctuary         |       |       |       |       |     2 |     4 |       |     5 |     5 ||    16
Evoke: Wand              |       |       |       |       |     1 |       |       |       |     1 ||     2
  Use: Potion            |       |     1 |     1 |     1 |     2 |    14 |     2 |    12 |    12 ||    45
       Scroll            |       |       |    16 |     6 |    13 |    17 |    14 |    11 |    23 ||   100
 Stab: Confused          |       |       |     8 |     5 |    20 |    14 |     5 |    35 |    31 ||   118
       Invisible         |       |       |     1 |     1 |       |     6 |     2 |     4 |     3 ||    17
       Paralysed         |       |       |       |     2 |    29 |       |     4 |     7 |    20 ||    62
       Distracted        |       |       |       |       |       |       |       |     1 |     8 ||     9
Armor: Scale mail        |    63 |    73 |    51 |       |       |       |       |       |       ||   187
       Chain mail        |       |       |   161 |       |       |       |       |       |       ||   161
       Crystal plate arm |       |       |    18 |   522 |   793 |  1327 |   509 |   601 |   883 ||  4653
Dodge: Dodged            |    73 |    44 |    96 |    91 |   229 |   293 |   112 |   127 |   206 ||  1271
Block: Buckler           |    21 |    29 |    76 |    92 |   199 |    94 |       |       |       ||   511
       Tower shield      |       |       |       |       |       |  1483 |  1087 |  1581 |  2052 ||  6203
